 Dungeon Crawl Stone Soup version 0.24-a0-417-g1cce26a4d2 (webtiles) character file.

Game seed: 3013624056440134870

74 HAL9000 the Sneak (level 4, 0/23 HPs)
             Began as a Vine Stalker Assassin on June 10, 2019.
             Slain by Crazy Yiuf
             ... wielding a +2 quarterstaff of chaos
              (7 damage)
             ... on level 2 of the Dungeon.
             The game lasted 00:01:37 (1651 turns).

HAL9000 the Sneak (Vine Stalker Assassin)           Turns: 1651, Time: 00:01:37

Health: 0/23       AC:  4    Str: 15    XL:     4   Next: 30%
Magic:  0/5        EV: 11    Int: 11    God:
Gold:   48         SH:  0    Dex: 15    Spells: 3/3 levels left

rFire    . . .     SeeInvis .   a - +2 dagger
rCold    . . .     Gourm    .   (no shield)
rNeg     . . .     Faith    .   r - +0 leather armour
rPois    .         Spirit   +   (no helmet)
rElec    .         Reflect  .   c - +0 cloak
rCorr    .         Harm     .   (no gloves)
MR       .....                  (no boots)
Stlth    +++.......             t - amulet of magic regeneration
HPRegen  0.47/turn              (no ring)
MPRegen  0.34/turn              (no ring)

@: lightly drained
A: fangs 2, regeneration 1, magic shield, antimagic bite, no potion heal 3, rot
immunity
a: no special abilities


You were on level 2 of the Dungeon.
You were not hungry.

You visited 1 branch of the dungeon, and saw 2 of its levels.

You collected 48 gold pieces.

Inventory:

Hand Weapons
 a - a +2 dagger (weapon)
Missiles
 d - 32 poisoned darts (quivered)
 m - 2 silver javelins
 o - a throwing net
Armour
 b - a +0 robe
 c - a +0 cloak (worn)
 r - a +0 leather armour (worn)
Jewellery
 t - an amulet of magic regeneration (around neck)
Scrolls
 h - a scroll of teleportation {unknown}
 j - a scroll of immolation {unknown}
 k - a scroll of fog {unknown}
 l - a scroll of remove curse {unknown}
 q - a scroll of identify {unknown}
Potions
 g - 2 potions of lignification {unknown}
 i - 2 potions of heal wounds
 n - a potion of degeneration {unknown}
 p - 2 potions of curing
Comestibles
 f - 2 rations


   Skills:
 - Level 1.7(1.5) Fighting
 + Level 4.0(3.8) Short Blades
 - Level 1.7(1.5) Throwing
 - Level 0.7(0.5) Dodging
 - Level 4.8(4.6) Stealth


You had 3 spell levels left.
You didn't know any spells.
Your spell library was empty.

Dungeon Overview and Level Annotations

Branches:
Dungeon (2/15)

Altars:

Annotations:
D:2 Crazy Yiuf


Innate Abilities, Weirdness & Mutations

You have extremely sharp teeth.
Your natural rate of healing is unusually fast.
When hurt, damage is shared between your health and your magic reserves.
Your bite disrupts and absorbs the magic of your enemies.
Potions cannot restore your health.
You are immune to rotting.


Message History

Aim: Crazy Yiuf, wielding a +2 quarterstaff of chaos and wearing a +0 cloak (heavily wounded, slow)
You throw a curare-tipped dart. The curare-tipped dart hits Crazy Yiuf.
Crazy Yiuf is poisoned.
Crazy Yiuf convulses.
Crazy Yiuf seems to be slow for longer.
Crazy Yiuf is severely wounded.
Crazy Yiuf says, "Orb head light!"
Crazy Yiuf drinks a potion.
Crazy Yiuf is healed!
Crazy Yiuf looks more healthy.
You hit Crazy Yiuf.
Crazy Yiuf is heavily wounded.
You hit Crazy Yiuf.
Crazy Yiuf is severely wounded.
Crazy Yiuf hits you but does no damage.
You feel drained.
You closely miss Crazy Yiuf.
Crazy Yiuf is severely wounded.
You closely miss Crazy Yiuf.
Crazy Yiuf is severely wounded.
Crazy Yiuf twirls on the spot.
Crazy Yiuf hits you with a +2 quarterstaff of chaos!
You die...

#..................#........
##.........##......##........
#.............####...).......
###..############
####))...... ##....#
#........# ##..#.#########
#.#.###### ......##....#.###
### #.........
##.####......#..##...#
#.#####.>. ##.#
#......####@g...# #.# ###.
#.###.....## ###..)# #.# ##
##.##...#### ### #.###
......### #...#### .....##
##.รท...# ##.#.##########
####.(....# #..#........)>#
#..#..((..# ..######......#
##..#......# .## ##.....#
#..........##


You could see Crazy Yiuf.

Vanquished Creatures
  3 adders (D:2)
  A worm (D:2)
  2 dart slugs (D:2)
  2 ball pythons (D:1)
  4 giant cockroaches
  4 goblins (D:2)
  4 hobgoblins
  4 kobolds
  A quokka (D:2)
  5 bats
  3 frilled lizards (D:2)
  7 rats
40 creatures vanquished.

Notes
Turn   | Place    | Note
-------+----------+-------------------------------------------
     0 | D:1      | HAL9000 the Vine Stalker Assassin began the quest for the
                  | Orb.
     0 | D:1      | Reached XP level 1. HP: 11/11 MP: 2/2
   353 | D:1      | Reached XP level 2. HP: 14/15 MP: 3/3
   803 | D:2      | Reached XP level 3. HP: 7/18 MP: 1/4
  1243 | D:2      | Gained mutation: Your natural rate of healing is unusually
                  | fast. [Vine Stalker growth]
  1243 | D:2      | Reached XP level 4. HP: 16/23 MP: 5/5
  1317 | D:2      | Found a runed translucent door.
  1418 | D:2      | Noticed Crazy Yiuf
  1651 | D:2      | Slain by Crazy Yiuf

Levels and vault maps discovered:
D:1:      scummos_arrival_simple_fountains, layout_rooms, minmay_tromino_v2
D:2:      layout_rooms, uniq_crazy_yiuf_cottage

Skill      XL: |  1  2  3  4 |
---------------+-------------+-----
Short Blades   | 2 3 4 |  4.0
Fighting       | |  1.7
Throwing       | |  1.7
Dodging        | |  0.7
Stealth        | |  4.8

Action                   |  1- 3 |  4- 6 || total
-------------------------+-------+-------++-------
Melee: Dagger            |    86 |    24 ||   110
       Bite              |    20 |     3 ||    23
Throw: Dart              |       |     2 ||     2
 Stab: Sleeping          |     6 |     3 ||     9
  Eat: Chunk             |     1 |     1 ||     2
Armor: Robe              |    21 |       ||    21
       Leather armour    |     1 |     2 ||     3
Dodge: Dodged            |    41 |     2 ||    43

Table legend:
 A = Non-vault XP
 B = Vault XP
 C = Vault XP percentage of total XP
 D = Non-vault monster count
 E = Vault monster count
 F = Vault count percentage of total count
                 A         B        C        D         E       F
            +---------+---------+-------+---------+---------+-------
      Total |     105 |       2 |   1.9 |      39 |       1 |   2.5
            +---------+---------+-------+---------+---------+-------
        D:1 |      22 |       2 |   8.3 |      14 |       1 |   6.7
        D:2 |      83 |       0 |   0.0 |      25 |       0 |   0.0
            +---------+---------+-------+---------+---------+-------
